 Dungeon Crawl Stone Soup version 0.21.1-1-g345015f (webtiles) character file.

733 4thArraOfDagon the Ruffian (level 7, -6/62 HPs)
             Began as a Troll Necromancer on June 1, 2018.
             Was a Follower of Cheibriados.
             Mangled by Edmund
             ... wielding a +4 dire flail of crushing
              (9 damage)
             ... on level 4 of the Dungeon.
             The game lasted 00:06:51 (1464 turns).

4thArraOfDagon the Ruffian (Troll Necromancer)      Turns: 1464, Time: 00:06:53

Health: -6/62      AC:  6    Str: 20    XL:     7   Next: 45%
Magic:  7/9        EV: 10    Int: 16    God:    Cheibriados [*.....]
Gold:   1          SH:  0    Dex: 13    Spells: 1/10 levels left

rFire    . . .     SeeInvis .     - Unarmed
rCold    . . .     Gourm    +   (no shield)
rNeg     . . .     Faith    .   a - +1 robe
rPois    .         Spirit   .   (helmet restricted)
rElec    .         Reflect  .   (no cloak)
rCorr    +         Harm     .   (gloves unavailable)
MR       .....                  (boots unavailable)
Stlth    ++........             (no amulet)
HPRegen  0.60/turn              e - ring of resist corrosion
MPRegen  0.11/turn              (no ring)

@: very slow
A: large, unfitting armour, claws 3, fast metabolism 3, gourmand, regeneration
1, shaggy fur 1, tough skin 2
a: Bend Time, Renounce Religion


You were on level 4 of the Dungeon.
You worshipped Cheibriados.
Cheibriados was aware of your devotion.
You were full.

You visited 1 branch of the dungeon, and saw 6 of its levels.

You collected 132 gold pieces.
You spent 131 gold pieces at shops.

Inventory:

Armour
 a - a +1 robe (worn)
 i - a +0 cloak
Jewellery
 e - a ring of resist corrosion (left claw)
Scrolls
 f - 3 scrolls of teleportation {unknown}
 g - a scroll of remove curse {unknown}
 h - a scroll of magic mapping
 l - a scroll of identify {unknown}
Potions
 d - a potion of agility
 j - a potion of lignification
Books
 b - a book of Necromancy

   Spells                             Type                      Level
   a - Pain                           Necromancy                   1
   b - Animate Skeleton               Necromancy                   1
   c - Vampiric Draining              Necromancy                   3
   d - Regeneration                   Charms/Necromancy            3
   e - Animate Dead                   Necromancy                   4
   f - Borgnjor's Vile Clutch         Necromancy/Earth             5
Comestibles
 c - 4 rations


   Skills:
 + Level 1.6 Fighting
 + Level 2.4 Dodging
 - Level 1.0 Stealth
 * Level 4.6 Unarmed Combat
 + Level 2.4 Spellcasting
 + Level 4.3 Necromancy
 * Level 1.5 Earth Magic
 + Level 1.8 Invocations


You had one spell level left.
You knew the following spells:

 Your Spells              Type           Power        Failure   Level  Hunger
a - Pain                  Necr           ###.         3%          1    #......
b - Regeneration          Chrm/Necr      #.........   24%         3    ###....
c - Borgnjor's Vile Clut  Necr/Erth      ##........   86%         5    ######.


Dungeon Overview and Level Annotations

Branches:
Dungeon (6/15)             Temple (0/1) D:5

Altars:
Cheibriados
Elyvilon
Gozag
Zin
The Shining One

Shops:
D:4 *!

Annotations:
D:4 Edmund
D:5 Jaiteiro's ghost, novice CeWr


Innate Abilities, Weirdness & Mutations

You are too large for most types of armour.
You have claws for hands.
Your metabolism is lightning-fast.
You like to eat raw meat.
Your natural rate of healing is unusually fast.
You are covered in fur. (AC +1)
You have very tough skin. (AC +2)


Message History

Edmund hits you with a dire flail of crushing!
* * * LOW HITPOINT WARNING * * *
x2 Unknown command.
Unknown command.
Okay, then.
You feel agile all of a sudden.
Unknown command.
It was a potion of lignification.
You turn into a tree.
Your +1 robe melds into your body.
Your roots penetrate the ground.
Edmund hits you with a dire flail of crushing.
* * * LOW HITPOINT WARNING * * *
x2 Unknown command.
It was a potion of cancellation.
Your magical effects are unravelling.
You feel magically purged.
You feel less wooden.
Your +1 robe unmelds from your body.
You feel a little less agile now.
Edmund hits you with a dire flail of crushing!
You die...

************ **,<,,,**,,,,
########**,,,,,,,,,,,,
##......##,,,.,,,,,,,,,
##........#....,,,,,,,,,
#.....@@.......,,,,,,,,,
#..............,,,,,,,,,
#..............,,,,,,,,, #####
#..............,,,,,,..,
##...####..............,,,,...,,
#..#..............###..,,,*..>,,
#.#######..........#**#***#.#***
#.# #..........# ######.####
##.# #..........# #.........#


You could see Edmund.

Vanquished Creatures
  Grinder (D:4)
  2 phantoms (D:4)
  A crimson imp (D:5)
  A hound (D:5)
  2 bullfrog skeletons
  An orc priest (D:3)
  Ijyb (D:5)
  4 worker ants
  4 adders
  2 worms (D:3)
  4 leopard geckos
  4 orcs (D:3)
  2 goblins (D:3)
  2 hobgoblins
  4 jackals (D:4)
  2 kobolds (D:3)
  A quokka (D:4)
  A bat (D:3)
  2 frilled lizards (D:3)
41 creatures vanquished.

Notes
Turn   | Place    | Note
-------+----------+-------------------------------------------
     0 | D:1      | 4thArraOfDagon the Troll Necromancer began the quest for the Orb.
     0 | D:1      | Reached XP level 1. HP: 16/16 MP: 1/1
   104 | D:3      | Reached skill level 1 in Unarmed Combat
   104 | D:3      | Reached XP level 2. HP: 24/24 MP: 3/3
   247 | D:4      | Noticed Grinder
   277 | D:5      | Entered Level 5 of the Dungeon
   294 | D:5      | Reached XP level 3. HP: 10/31 MP: 4/4
   347 | D:5      | Reached XP level 4. HP: 30/39 MP: 5/5
   397 | D:5      | Found a snail-covered altar of Cheibriados.
   408 | D:5      | Became a worshipper of Cheibriados the Contemplative
   412 | D:5      | Found a glowing silver altar of Zin.
   413 | D:5      | Found a glowing golden altar of the Shining One.
   414 | D:5      | Found a white marble altar of Elyvilon.
   423 | D:5      | Reached XP level 5. HP: 26/45 MP: 6/6
   432 | D:5      | Found a staircase to the Ecumenical Temple.
   465 | D:5      | Noticed Jaiteiro's ghost (novice CeWr)
   541 | D:5      | Noticed Ijyb
   549 | D:5      | Killed Ijyb
   596 | D:4      | Noticed a phantom
   610 | D:4      | Noticed a phantom
   620 | D:4      | Killed a phantom
   620 | D:4      | Reached skill level 1 in Fighting
   620 | D:4      | Reached skill level 1 in Invocations
   620 | D:4      | Reached XP level 6. HP: 54/55 MP: 8/8
   669 | D:4      | Learned a level 3 spell: Regeneration
   675 | D:4      | Learned a level 5 spell: Borgnjor's Vile Clutch
   791 | D:4      | Noticed Edmund
   950 | D:4      | Found Itwoidi's Distillery.
   958 | D:4      | Bought 2 potions of agility for 88 gold pieces
   983 | D:4      | Killed Grinder
   983 | D:4      | Reached skill level 1 in Earth Magic
   983 | D:4      | Reached XP level 7. HP: 40/62 MP: 9/9
   986 | D:4      | Found Ebepagh's Assorted Antiques.
  1015 | D:4      | Reached * piety under Cheibriados
  1203 | D:3      | Found a glowing golden altar of the Shining One.
  1318 | D:3      | Found an opulent altar of Gozag.
  1421 | D:4      | Bought a glowing brown potion for 20 gold pieces
  1421 | D:4      | Bought a scroll labeled YPHU IHIGUW for 23 gold pieces
  1464 | D:4      | Mangled by Edmund

Skill      XL: |  1  2  3  4  5  6 |
---------------+-------------------+-----
Unarmed Combat | 1 2 3 4 |  4.6
Spellcasting   | 2 |  2.4
Fighting       | 1 |  1.6
Dodging        | 2 |  2.4
Necromancy     | 4 |  4.3
Invocations    | 1 |  1.8
Earth Magic    | 1 |  1.5
Stealth        | |  1.0

Action                   |  1- 3 |  4- 6 |  7- 9 || total
-------------------------+-------+-------+-------++-------
Melee: Unarmed           |    57 |   112 |    46 ||   215
       Punch             |       |     1 |     1 ||     2
Invok: Bend Time         |       |       |     1 ||     1
  Use: Potion            |     1 |       |     3 ||     4
       Scroll            |       |     5 |       ||     5
 Stab: Sleeping          |     2 |       |     1 ||     3
  Eat: Chunk             |     1 |    12 |     3 ||    16
Armor: Robe              |    26 |    20 |     8 ||    54
Dodge: Dodged            |    35 |    53 |    24 ||   112
